AoeStats
← deekzor

Arena

510427871Analyzed
1v1 RM · 1d ago on Oct 1, 2026· 31m 12s· 2 players
Game mode
Random Map
Map size
Tiny (2 player)
Population
200
Speed
Normal
Resources
Standard
Victory
Conquest
Starting age
Dark Age
Ending age
Imperial Age
RankedLock teamsTeams togetherTeam positionsShared explorationLock speedFull tech treeHidden civsTurbo modeCheats
Victory
Defeat
🇨🇦 Teutons · Canada
954
+16
🇺🇸 Vikings · United States
958
-16
luckyseven2
4:15 Loom
10:41 Feudal Age
11:45 Double-Bit Axe
14:52 Horse Collar
15:13 Stone Mining
17:28 Castle Age
17:54 Fletching
19:43 Bow Saw
19:57 Bodkin Arrow
28:31 Scale Mail Armor
28:58 Forging
deekzor
13:26 Feudal Age
14:41 Stone Mining
14:40 Double-Bit Axe
17:30 Castle Age
15:30 Horse Collar
16:36 Stone Mining
18:24 Forging
18:28 Bow Saw
19:41 Heavy Plow
20:30 Loom
21:01 Gold Mining
21:19 Fletching
23:10 Scale Mail Armor
22:32 Crossbowman
23:37 Squires
27:24 Bodkin Arrow
30:16 Chain Mail Armor
31:06 Ballistics
Connection lost

Rejoining the realm…

Still unreachable

The connection could not be restored.

Session expired

The server has moved on; the page needs a fresh start.